 Dungeon Crawl Stone Soup version 0.21.1-1-g345015f (webtiles) character file.

1188 Kairos the Cudgeler (level 8, -2/60 HPs)
             Began as a Human Skald on Mar 25, 2018.
             Was a Believer of Uskayaw.
             Slain by Supahsalami's ghost (16 damage)
             ... on level 5 of the Dungeon.
             The game lasted 00:14:25 (5587 turns).

Kairos the Cudgeler (Human Skald)                   Turns: 5587, Time: 00:14:26

Health: -2/60      AC:  6    Str: 13    XL:     8   Next: 71%
Magic:  20/20      EV: 13    Int: 15    God:    Uskayaw [**....]
Gold:   292        SH:  0    Dex: 14    Spells: 7/12 levels left

rFire    . . .     SeeInvis .   x - +2 flail "Miruig" {vamp, +Fly MP+9 Int+2} (curse)
rCold    . . .     Gourm    .   (no shield)
rNeg     . . .     Faith    .   b - +0 leather armour
rPois    .         Spirit   .   w - +2 hat
rElec    .         Reflect  .   (no cloak)
rCorr    .         Harm     .   (no gloves)
MR       .....                  n - +0 pair of boots
Stlth    ++........             (no amulet)
HPRegen  0.20/turn              (no ring)
MPRegen  0.17/turn              (no ring)

@: no status effects
A: no striking features
a: Stomp, Line Pass, Renounce Religion, Evoke Flight


You were on level 5 of the Dungeon.
You worshipped Uskayaw.
Uskayaw was noncommittal.
You were not hungry.

You visited 1 branch of the dungeon, and saw 5 of its levels.

You collected 292 gold pieces.

Inventory:

Hand Weapons
 a - a +0 mace
 j - a +2 flail of distortion
 x - the cursed +2 flail "Miruig" (weapon) {vamp, +Fly MP+9 Int+2}
   (You found it on level 4 of the Dungeon)

   It inflicts no extra harm, but heals its wielder when it wounds a living foe.
   It affects your intelligence (+2).
   It affects your magic capacity (+9).
   It lets you fly.
   It has a curse placed upon it.
Armour
 b - a +0 leather armour (worn)
 n - a +0 pair of boots (worn)
 w - a +2 hat (worn)
Wands
 r - a wand of polymorph (10)
Scrolls
 e - a scroll of identify
 f - a scroll of blinking
 i - 2 scrolls of enchant armour {unknown}
 l - 2 scrolls of random uselessness {unknown}
 m - 4 scrolls of teleportation {unknown}
 s - 5 scrolls of magic mapping {unknown}
 v - a scroll of remove curse {unknown}
 y - a scroll of fog {unknown}
Potions
 g - 2 potions of brilliance
 h - a potion of agility
 k - 3 potions of curing
 o - a potion of invisibility
 p - 2 potions of heal wounds
 q - a potion of might
 u - 2 potions of flight
Books
 c - a book of Battle

   Spells                             Type                      Level
   a - Infusion                       Charms                       1
   b - Shroud of Golubria             Charms/Translocation         2
   c - Song of Slaying                Charms                       2
   d - Spectral Weapon                Hexes/Charms                 3
   e - Regeneration                   Charms/Necromancy            3
 t - a book of Callings

   Spells                             Type                      Level
   a - Summon Small Mammal            Summoning                    1
   b - Call Imp                       Summoning                    2
   c - Call Canine Familiar           Summoning                    3
   d - Summon Guardian Golem          Hexes/Summoning              3
   e - Summon Lightning Spire         Summoning/Air                4
   f - Summon Ice Beast               Ice/Summoning                4
Comestibles
 d - 7 rations


   Skills:
 + Level 4.1 Fighting
 + Level 6.8 Maces & Flails
 + Level 4.0 Armour
 + Level 3.6 Dodging
 + Level 2.0 Stealth
 + Level 2.5 Spellcasting
 + Level 3.6 Charms


You had 7 spell levels left.
You knew the following spells:

 Your Spells              Type           Power        Failure   Level  Hunger
a - Infusion              Chrm           ##..         6%          1    #......
b - Song of Slaying       Chrm           ##......     9%          2    ###....
c - Shroud of Golubria    Chrm/Tloc      #.........   19%         2    ###....


Dungeon Overview and Level Annotations

Branches:
Dungeon (5/15)             Temple (0/1) D:4

Altars:
Dithmenos
Gozag
Ru
Uskayaw
Yredelemnul

Annotations:
D:5 Supahsalami's ghost, amateur MiBe
Abyss:1 Duvessa


Message History

Supahsalami's ghost barely misses you.
You hit Supahsalami's ghost but do no damage.
Supahsalami's ghost is severely damaged.
Supahsalami's ghost hits you!
You are too injured to fight recklessly!
You are too injured to fight recklessly!
You are too injured to fight recklessly!
You are too injured to fight recklessly!
You are too injured to fight recklessly!
You hit Supahsalami's ghost.
Supahsalami's ghost is severely damaged.
Supahsalami's ghost closely misses you.
You hit Supahsalami's ghost.
Supahsalami's ghost is severely damaged.
Supahsalami's ghost hits you!
* * * LOW HITPOINT WARNING * * *
You sock Supahsalami's ghost!
Supahsalami's ghost is almost destroyed.
Supahsalami's ghost hits you!
You die...

.≈≈≈≈..≈≈).....≈≈.≈≈≈..≈≈.≈≈≈.≈≈≈
≈≈≈≈≈≈≈≈)....≈≈≈≈≈≈≈≈≈≈≈≈≈≈≈≈≈≈≈≈
≈≈≈≈≈≈≈≈≈.....≈≈≈≈≈≈≈≈≈≈≈≈≈≈≈≈≈≈≈
≈≈≈≈≈≈≈≈≈....≈≈≈≈≈≈≈≈≈≈≈≈≈≈≈≈≈≈≈≈
##########''#####################
#...)# #....# .
#########....#########...
.......#.....)#.@W.......
.......'......'..........
.......#......#..........
#########....#########... #....#
.. #....# ######


You could see Supahsalami's ghost.

Vanquished Creatures
  Eustachio (D:4)
  The ghost of Redear the Ruffian, an amateur VSMo (D:4)
  A black bear (D:5)
  An ogre (D:5)
  Blork the orc (D:4)
  Dowan (D:4)
  A howler monkey (D:5)
  2 crimson imps (D:5)
  3 hounds (D:4)
  A bullfrog skeleton (D:4)
  4 worker ants
  A killer bee zombie (D:3)
  A mummy (D:4)
  2 gnolls
  A howler monkey skeleton (D:2)
  7 adders
  A shadow imp (D:5)
  An adder skeleton (D:5)
  A worm (D:3)
  3 dart slugs (D:1)
  2 leopard geckos
  3 orcs (D:3)
  6 giant cockroaches
  14 goblins
  11 hobgoblins
  3 jackals (D:3)
  9 kobolds
  A quokka (D:3)
  10 bats
  6 frilled lizards
  A goblin zombie (D:4)
  An orc zombie (D:4)
  5 rats
107 creatures vanquished.

Vanquished Creatures (others)
  2 adders (D:2)
  A quokka (D:2)
  A plant (D:3)
4 creatures vanquished.

Grand Total: 111 creatures vanquished

Notes
Turn   | Place    | Note
-------+----------+-------------------------------------------
     0 | D:1      | Kairos the Human Skald began the quest for the Orb.
     0 | D:1      | Reached XP level 1. HP: 16/16 MP: 3/3
   144 | D:1      | Reached XP level 2. HP: 15/22 MP: 0/5
   732 | D:1      | Reached XP level 3. HP: 27/27 MP: 6/6
   803 | D:1      | Learned a level 2 spell: Song of Slaying
   811 | D:1      | Reached skill level 3 in Maces & Flails
  1237 | D:2      | Reached XP level 4. HP: 27/33 MP: 7/7
  1468 | D:2      | Found a shadowy altar of Dithmenos.
  1474 | D:2      | Noticed a dagger
  1475 | D:2      | Noticed a hand axe
  1476 | D:2      | Found a hide-covered altar of Uskayaw.
  1664 | D:2      | Reached XP level 5. HP: 38/39 MP: 8/8
  1979 | D:2      | Became a worshipper of Uskayaw the Reveler
  2042 | D:3      | Reached * piety under Uskayaw
  2133 | D:3      | Reached ** piety under Uskayaw
  2473 | D:3      | Reached skill level 4 in Maces & Flails
  2487 | D:3      | Learned a level 2 spell: Shroud of Golubria
  2755 | D:4      | Reached XP level 6. HP: 44/46 MP: 9/9
  2917 | D:4      | Found a sacrificial altar of Ru.
  2936 | D:4      | Found a staircase to the Ecumenical Temple.
  3036 | D:4      | Noticed Redear's ghost (amateur VSMo)
  3042 | D:4      | Noticed Eustachio
  3045 | D:4      | Killed Redear's ghost
  3045 | D:4      | Reached XP level 7. HP: 17/52 MP: 7/10
  3051 | D:4      | Reached skill level 5 in Maces & Flails
  3051 | D:4      | Reached *** piety under Uskayaw
  3344 | D:4      | Noticed Blork the orc
  3356 | D:4      | Killed Blork the orc
  3356 | D:4      | Reached skill level 1 in Stealth
  3415 | D:4      | Found a sand-covered staircase.
  3429 | D:4      | Noticed Duvessa
  3429 | D:4      | Noticed Dowan
  3586 | D:4      | Got a jewelled flail
  3789 | D:4      | Killed Dowan
  3980 | D:4      | Banished Duvessa
  4085 | D:4      | Killed Eustachio
  4085 | D:4      | Reached XP level 8. HP: 32/60 MP: 11/11
  4254 | D:5      | Entered Level 5 of the Dungeon
  4264 | D:5      | Noticed Supahsalami's ghost (amateur MiBe)
  4266 | D:4      | Identified the cursed +2 flail "Miruig" {vamp, +Fly MP+9 Int+2} (You found it on level 4 of the Dungeon)
  4659 | D:5      | Reached skill level 6 in Maces & Flails
  4784 | D:5      | Reached **** piety under Uskayaw
  5211 | D:5      | Found an opulent altar of Gozag.
  5343 | D:5      | Found a basalt altar of Yredelemnul.
  5587 | D:5      | Slain by Supahsalami's ghost

Skill      XL: |  1  2  3  4  5  6  7  8 |
---------------+-------------------------+-----
Maces & Flails | 3 4 5 6 |  6.8
Armour         | 2 3 4 |  4.0
Fighting       | 3 4 |  4.1
Stealth        | 1 2 |  2.0
Dodging        | 3 |  3.6
Spellcasting   | |  2.5
Charms         | |  3.6

Action                   |  1- 3 |  4- 6 |  7- 9 || total
-------------------------+-------+-------+-------++-------
Melee: Mace              |    66 |       |       ||    66
       Flail             |    14 |   141 |   192 ||   347
 Cast: Infusion          |     2 |     1 |     4 ||     7
       Song of Slaying   |     1 |       |       ||     1
Invok: Stomp             |       |       |     1 ||     1
  Use: Scroll            |       |       |     9 ||     9
 Stab: Sleeping          |       |     2 |     2 ||     4
       Paralysed         |       |       |     3 ||     3
       Distracted        |       |       |     1 ||     1
  Eat: Chunk             |     1 |     6 |     3 ||    10
       Ration            |       |       |     3 ||     3
Armor: Leather armour    |    30 |    34 |    43 ||   107
Dodge: Dodged            |    60 |    78 |   144 ||   282
